Map: Proxima Station LE

Players

Juxtapose - Winner!

  • Race: Terran Terran
  • Spawn Location: 7:00

DeadPool

  • Race: Zerg Zerg
  • League: Platinum
  • Spawn Location: 1:00

VOD

https://youtu.be/gll8pxU6ggo

Description

Once again I find myself against a Platinum opponent, and since I've lost my last few Terran vs Zerg matches due to harassing Zerglings, I decided to try walling off.

This is also my first public Multiplayer match on Proxima Station, so I start my wall off on my ramp leading into my in-base natural as opposed to the ramp in my main.

Yeah.

So while I didn't exactly start on the smartest foot, I decided to try a few new strategies since I never win against Platinum opponents. The major thing I did was instead of getting Siege Tanks immediately, I went with a Reactored Factory for several Widow Mines, which worked really, really well.

The game drags on though, and my opponent attacks me with something I've never seen in Multiplayer before: Swarm Hosts. I actually paused for a second when those Locusts swooped into my main simply because I wasn't registering what unit they were, and then it hit me. And I didn't have proper Detection...

And still the game wore on. This was a fantastic match, and despite making many, many mistakes I'm very pleased with how I played.

Time

  • Played on: June 4, 2017, 4:45 p.m.
  • Length: 21:47
Show
View Real Time Build Order
Export as new Build Order

Juxtapose Terran - Winner!

Build Orders:  

Get SALT Encoding   

  12  0:01  SCV  
  13  0:13  SCV  
  14  0:28  Supply Depot  
  14  0:29  SCV  
  15  0:49  SCV  
  16  0:54  Barracks  
  16  1:01  SCV  
  17  1:06  Refinery  
  17  1:13  SCV  
  18  1:25  SCV  
  19  1:38  SCV  
  20  1:45  Barracks  
  20  1:48  Supply Depot  
  20  1:50  SCV  
  21  1:59  Barracks Reactor  
  21  2:05  Orbital Command  
  21  2:06  Supply Depot  
  20  2:35  SCV, Command Center  
  21  2:38  Barracks Tech Lab  
  21  2:47  SCV  
  22  2:52  Factory  
  22  2:55  Engineering Bay  
  22  2:56  Refinery  
  22  2:59  SCV  
  23  3:11  Marine x3  
  26  3:15  SCV  
  27  3:29  Marine x2  
  27  3:31  Missile Turret  
  27  3:32  Marine  
  30  3:38  Factory Reactor  
  30  3:47  Combat Shields, Starport, Marine  
  31  3:51  Marauder  
  33  4:02  Orbital Command  
  33  4:14  Marauder, Marine  
  33  4:15  Marine  
  37  4:22  SCV  
  38  4:34  SCV  
  39  4:39  Terran Infantry Weapons Level 1  
  39  4:41  Widow Mine x2  
  39  4:44  Starport Tech Lab  
  43  4:47  SCV  
  43  4:50  SCV  
  45  4:59  Marine x2  
  45  5:01  Marauder  
  45  5:02  SCV  
  50  5:09  Widow Mine  
  50  5:10  Widow Mine  
  48  5:56  Supply Depot  
  48  6:19  Supply Depot  
  48  6:20  Concussive Shells  
  48  6:40  Marine x2, Widow Mine  
  48  6:41  Medivac  
  48  6:42  Supply Depot  
  54  7:03  Marine x2, Widow Mine  
  54  7:04  SCV  
  59  7:09  Widow Mine  
  59  7:15  Medivac  
  61  7:16  SCV  
  62  7:24  Marine  
  62  7:25  Marine  
  60  7:31  Widow Mine  
  62  7:42  Marine  
  62  7:43  Marine  
  59  7:45  Medivac  
  57  8:00  Marine  
  57  8:01  Marine  
  59  8:09  Terran Infantry Armor Level 1  
  59  8:17  Marine  
  59  8:18  Marine  
  59  8:19  Factory  
  61  8:35  Marine  
  62  8:48  Supply Depot  
  62  9:04  Refinery  
  62  9:06  Refinery  
  62  9:08  Supply Depot  
  62  9:09  SCV, Marine x2  
  65  9:12  Supply Depot, Liberator x2  
  65  9:19  Siege Tank  
  65  9:21  SCV  
  69  9:27  Marine  
  69  9:30  Marauder  
  69  9:31  Supply Depot  
  78  9:34  SCV, Supply Depot  
  79  9:45  Marine  
  80  9:46  SCV  
  80  9:51  Marauder, Siege Tank  
  86  9:53  Supply Depot  
  86  9:58  SCV  
  87  10:03  Marine  
  88  10:07  Command Center  
  88  10:12  Marauder  
  88  10:13  Armory  
  90  10:16  Supply Depot  
  90  10:20  Marine  
  91  10:32  Siege Tank  
  91  10:34  Marauder  
  96  10:38  Marine  
  97  10:44  Supply Depot  
  97  10:46  Factory Tech Lab  
  97  10:55  Marauder, Refinery  
  97  10:56  Marine  
  100  10:57  Refinery  
  100  11:01  Stimpack  
  100  11:04  Siege Tank  
  103  11:14  Siege Tank, Marine  
  107  11:25  Planetary Fortress  
  107  11:32  Marine  
  108  11:36  Siege Tank  
  111  11:43  Marine  
  111  11:46  Siege Tank  
  115  11:49  Marine  
  115  11:52  Unknown  
  116  12:08  Siege Tank  
  119  12:10  Liberator x2  
  119  12:15  SCV x2  
  119  12:20  Terran Vehicle Weapons Level 1, Terran Infantry Weapons Level 2  
  121  12:27  SCV  
  121  12:28  SCV  
  129  12:40  SCV  
  80  13:49  Marine x2  
  81  14:07  Marine x2  
  68  14:24  Marine  
  68  14:25  Marine  
  70  14:42  Marine x2  
  72  15:00  Marine x2  
  72  15:07  Starport  
  72  15:10  Starport  
  71  15:28  Barracks Tech Lab  
  71  15:29  Barracks Reactor  
  68  15:37  SCV  
  69  15:48  SCV  
  69  15:49  SCV  
  71  15:53  Marauder  
  71  15:54  Starport Tech Lab  
  71  15:55  Starport Tech Lab  
  73  15:58  Siege Tank  
  73  16:00  SCV  
  77  16:13  SCV  
  77  16:14  Marauder  
  80  16:25  SCV  
  81  16:30  Siege Tank  
  84  16:35  Marauder  
  84  16:36  Marine x2  
  84  16:37  SCV, Raven  
  84  16:39  Raven  
  93  16:42  Command Center  
  93  16:45  Refinery x2  
  92  16:49  SCV  
  92  16:53  Marine x2  
  88  16:57  Marauder  
  88  17:01  SCV  
  88  17:02  Siege Tank  
  91  17:11  Marine x2  
  93  17:18  Marauder  
  93  17:20  Raven  
  93  17:21  Raven  
  99  17:29  Marine x2  
  100  17:34  Siege Tank  
  99  17:40  Marauder  
  99  17:47  Marine  
  100  17:57  Marine  
  101  18:01  Marauder  
  103  18:21  Command Center  
  103  18:42  Liberator  
  103  18:46  Marine x2  
  103  18:49  Marine  
  102  18:59  Raven  
  102  19:04  Siege Tank, Marine x2  
  102  19:07  Marine  
  86  19:22  Marine x2  
  88  19:35  Marine  
  88  19:36  Siege Tank  
  92  19:40  Marine x2  
  92  19:42  Raven x2  
  96  19:54  Marauder  
  96  19:58  Marine x2  
  97  20:08  Siege Tank  
  100  20:15  Marauder  
  100  20:16  Marine x2  
  104  20:25  Raven x2  
  108  20:33  Marine x2  
  110  20:36  Marauder  
  110  20:40  Siege Tank  
  115  20:51  Marine x2  
  117  21:09  Marine  
  117  21:10  Marine  
  117  21:27  Marine  
Show
View Real Time Build Order
Export as new Build Order

DeadPool Zerg 

Build Orders: Hatch First, Swarm Host, Ravager All-In 

Get SALT Encoding   

  12  0:01  Drone  
  13  0:10  Drone  
  14  0:17  Overlord  
  17  0:35  Drone x3  
  17  0:57  Hatchery  
  17  1:00  Drone, Extractor  
  16  1:04  Drone  
  17  1:18  Spawning Pool  
  16  1:36  Drone x2  
  16  1:37  Drone  
  19  1:48  Overlord  
  19  2:06  Queen  
  21  2:10  Queen  
  21  2:12  Drone  
  24  2:32  Drone x2  
  24  2:35  Metabolic Boost, Extractor  
  25  2:42  Roach Warren  
  24  2:45  Drone  
  25  2:52  Drone x3  
  25  2:54  Drone  
  29  3:06  Overlord  
  29  3:12  Drone  
  30  3:27  Roach  
  30  3:28  Roach x3  
  30  3:29  Roach x2  
  42  3:36  Drone  
  42  3:37  Drone  
  44  3:48  Overlord  
  44  4:05  Spore Crawler  
  43  4:11  Zergling x8, Spore Crawler  
  43  4:12  Zergling x6  
  43  4:13  Zergling x4  
  43  4:16  Overlord  
  51  4:21  Drone  
  52  4:37  Ravager x2  
  52  4:38  Ravager x4  
  58  4:45  Spine Crawler  
  58  4:49  Spine Crawler, Overlord  
  58  4:50  Drone x2  
  58  4:51  Drone  
  41  5:48  Drone  
  41  5:49  Drone x6  
  48  5:58  Queen  
  48  6:03  Roach x3  
  48  6:04  Roach x3  
  62  6:07  Lair  
  62  6:13  Evolution Chamber  
  61  6:22  Extractor  
  60  6:33  Hatchery  
  60  6:38  Ravager  
  60  6:39  Ravager x4  
  64  6:45  Zergling x2  
  64  6:46  Zergling x6  
  68  6:53  Spore Crawler  
  63  8:02  Drone x4  
  63  8:05  Overlord  
  67  8:08  Infestation Pit  
  67  8:10  Zerg Missile Weapons Level 1  
  67  8:12  Burrow  
  66  8:35  Queen  
  66  8:39  Hatchery  
  66  8:40  Evolution Chamber  
  66  8:56  Overlord x3  
  66  8:57  Swarm Host x3  
  75  9:07  Spine Crawler  
  74  9:10  Overseer x2  
  74  9:12  Drone  
  74  9:15  Zerg Ground Armor Level 1  
  75  9:20  Ravager  
  75  9:22  Zergling x12  
  75  9:23  Zergling x10  
  87  9:38  Spine Crawler  
  86  9:39  Drone x2  
  86  9:40  Drone x2  
  86  9:41  Zergling x2, Spore Crawler  
  86  9:42  Zergling x6  
  93  9:49  Drone  
  93  9:50  Baneling Nest  
  93  9:56  Overseer  
  93  9:59  Drone  
  94  10:05  Overseer  
  94  10:13  Queen  
  94  10:14  Drone x2  
  98  10:24  Drone  
  99  10:29  Swarm Host x2  
  99  10:31  Overlord  
  105  10:35  Hatchery  
  105  10:36  Overlord x2  
  105  10:37  Overlord  
  104  10:48  Queen  
  104  10:49  Baneling x3  
  106  10:50  Baneling x4  
  106  10:51  Centrifical Hooks  
  106  11:00  Spore Crawler  
  106  11:03  Spine Crawler  
  106  11:04  Drone x3  
  106  11:05  Spore Crawler  
  106  11:06  Spine Crawler  
  106  11:07  Swarm Host x3  
  106  11:08  Swarm Host x3  
  123  11:16  Drone  
  124  11:25  Spire  
  123  11:27  Drone x4  
  123  11:28  Extractor, Overlord  
  126  12:55  Queen  
  126  12:56  Drone x3  
  126  12:57  Spine Crawler  
  130  13:02  Spore Crawler  
  129  13:06  Zergling x30  
  129  13:07  Zergling x18  
  129  13:10  Baneling x13  
  123  13:30  Queen  
  91  13:40  Zergling x2  
  91  13:41  Zergling x28  
  93  14:06  Roach  
  93  14:07  Roach x7  
  100  14:30  Drone x2  
  102  14:37  Ravager  
  101  14:56  Drone x2  
  101  14:57  Drone  
  104  15:12  Drone x2  
  106  15:15  Drone x3  
  106  15:16  Ravager x3  
  106  15:17  Ravager  
  113  15:23  Queen  
  111  15:33  Drone  
  112  15:36  Extractor  
  112  15:38  Extractor  
  110  15:52  Hydralisk Den  
  109  15:58  Queen  
  111  16:07  Zerg Missile Weapons Level 2, Spore Crawler  
  111  16:09  Zerg Ground Armor Level 2  
  110  16:15  Extractor  
  110  16:18  Extractor  
  108  16:20  Zergling x12  
  108  16:24  Spore Crawler  
  113  16:34  Queen  
  115  17:12  Drone x3  
  118  17:16  Lurker Den  
  112  17:51  Queen  
  112  17:52  Spore Crawler  
  112  17:54  Hydralisk  
  112  17:55  Hydralisk x2  
  95  18:03  Baneling x5  
  92  18:15  Hydralisk x12  
  92  18:16  Hydralisk x2  
  47  19:17  Hydralisk  
  47  19:18  Hydralisk x10  
  63  19:32  Ravager  
  63  19:34  Zergling x2  
  63  19:35  Zergling x12  
  71  19:42  Mutalisk  
  38  20:05  Zergling x2  
  38  20:06  Zergling x10  
  28  20:16  Zergling x2  
  28  20:17  Zergling x8  
  9  20:43  Hydralisk  
  9  20:44  Hydralisk x4  
Tags
 
Composition
Swarm Host
League
Platinum
Matchup
TvZ
Spawn Locations
Cross Positions
Add a new tag
Caveats
  • Supply blocks, unpowered buildings, or Contaminate may cause inaccurate times.
  • Supply counts are checked every 10 seconds.